 Dungeon Crawl Stone Soup version 0.29.0-4-gdea44cf6ec (webtiles) character file.

Game seed: 5107964218700292086

135 qw the Chopper (level 5, -4/44 HPs)
             Began as a Ghoul Enchanter on Sept 6, 2022.
             Was an Initiate of Okawaru.
             Slain by Pargi (7 damage)
             ... on level 3 of the Dungeon.
             The game lasted 00:01:43 (3677 turns).

qw the Chopper (Ghoul Enchanter)                    Turns: 3677, Time: 00:01:44

Health: -4/44      AC:  8    Str: 14    XL:     5   Next: 18%
Magic:  6/6        EV: 10    Int: 10    God:    Okawaru [......]
Gold:   99         SH:  0    Dex:  9    Spells: 7/7 levels left

rFire   . . .      SeeInvis .   Y - +0 hand axe
rCold   + . .      Faith    .   (no shield)
rNeg    + + +      Spirit   .   e - +0 ring mail
rPois   inf        Reflect  .   i - +1 helmet
rElec   .          Harm     .   (no cloak)
rCorr   .          Rampage  .   j - +0 pair of gloves
Will    .....                   (no boots)
Stlth   +.........              (no amulet)
HPRegen 0.00/turn               (no ring)
MPRegen 0.10/turn               (no ring)

@: inhibited regen
A: claws 1, cold resistance 1, negative energy resistance 3, inhibited
regeneration, torment resistance 2, devour on kill
a: Renounce Religion


You were on level 3 of the Dungeon.
You worshipped Okawaru.
Okawaru was noncommittal.
You visited 1 branch of the dungeon, and saw 3 of its levels.

You collected 141 gold pieces.
You spent 42 gold pieces at shops.


Innate Abilities, Weirdness & Mutations

You are immune to poison.
You have sharp fingernails.
Your flesh is cold resistant. (rC+)
You are immune to negative energy. (rN+++)
You do not regenerate when monsters are visible.
You are immune to unholy pain and torment.
You thrive by killing the living.


   Skills:
 - Level 2.8 Fighting
 - Level 0.8 Short Blades
 + Level 3.3 Axes
 - Level 1.7 Dodging
 - Level 3.2 Stealth
 - Level 1.7 Spellcasting
 - Level 2.4 Hexes


You had 7 spell levels left.
You didn't know any spells.
Your spell library contained the following spells:

 Spells                   Type           Power      Damage    Failure   Level
 Ensorcelled Hibernation  Hex/Ice        6%         N/A       52%         2
 Confusing Touch          Hex            5%         N/A       58%         3
 Dazzling Flash           Conj/Hex       6%         N/A       77%         3
 Tukima's Dance           Hex            Unusable   N/A       N/A         3

Inventory:

Hand Weapons
 c - a +0 spectral club
 Y - a +0 hand axe (weapon)
Armour
 e - a +0 ring mail (worn)
 i - a +1 helmet (worn)
 j - a +0 pair of gloves (worn)
Scrolls
 a - a scroll of enchant weapon {unknown}
 g - a scroll of identify
Potions
 f - a potion of heal wounds {unknown}
 m - a potion of might

Dungeon Overview and Level Annotations

Branches:
Dungeon (3/15)

Altars:
Makhleb
Okawaru

Shops:
D:1 (*

Annotations:
D:3 Pargi


Message History

You hit Pargi.
Pargi is moderately wounded.
Pargi bites you but does no damage. Pargi claws you.
Pargi claws you but does no damage.
You barely miss Pargi.
Pargi is lightly wounded.
Pargi bites you but does no damage. Pargi claws you but does no damage.
Pargi barely misses you.
You barely miss Pargi.
Pargi is lightly wounded.
Pargi bites you. Pargi misses you. Pargi claws you but does no damage.
You barely miss Pargi.
Pargi is lightly wounded.
Pargi bites you. Pargi barely misses you. x2
You hit Pargi.
Pargi is moderately wounded.
Pargi barely misses you. x2; Pargi claws you but does no damage.
Pargi closely misses you. x2; Pargi claws you but does no damage.
You barely miss Pargi.
Pargi is lightly wounded.
Pargi bites you but does no damage. Pargi claws you but does no damage. x2
You closely miss Pargi.
Pargi is lightly wounded.
Pargi bites you but does no damage. Pargi claws you but does no damage. x2
You hit Pargi.
Pargi is moderately wounded.
Pargi clenches his teeth.
Pargi barely misses you. Pargi claws you but does no damage. x2
You miss Pargi.
Pargi is moderately wounded.
Pargi bites you but does no damage. Pargi claws you but does no damage.
Pargi closely misses you.
You closely miss Pargi.
Pargi is moderately wounded.
Pargi barely misses you. Pargi completely misses you. Pargi barely misses you.
You closely miss Pargi.
Pargi is lightly wounded.
Pargi clenches his claws.
Pargi bites you!
You die...

#....#(#...##.....^.##..........
#....#.#...#...^^>...#......P..P
#....#.....#.......!.#..........
#....#####...^................._
###### ##................?....
##.^.^.....#......P..P
##.^.....##..........
##....^###......PP.P ##@..##
#.......... #....T.###
########### #....... #.......#
####....# ...... .......
.........


You could see Pargi.

Vanquished Creatures
  Jessica (D:2)
  Robin (D:2)
  3 adders (D:2)
  5 worms
  2 dart slugs
  An orc (D:3)
  11 ball pythons
  4 endoplasms
  A giant cockroach (D:2)
  4 goblins (D:2)
  3 hobgoblins (D:2)
  5 quokkas
  3 bats
  2 frilled lizards (D:1)
  A kobold (D:3)
  6 rats
53 creatures vanquished.

Vanquished Creatures (others)
  9 fungi (D:3)
9 creatures vanquished.

Grand Total: 62 creatures vanquished

Notes
Turn   | Place    | Note
-------+----------+-------------------------------------------
     0 | D:1      | qw the Ghoul Enchanter began the quest for the Orb.
     0 | D:1      | Reached XP level 1. HP: 14/14 MP: 2/2
     0 | D:1      | 0 ||| qw: Version: 0.1-a-108-g9e35731
     0 | D:1      | 0 ||| qw: Game counter: 6376
     0 | D:1      | 0 ||| qw: Always use a shield: true
     0 | D:1      | 0 ||| qw: God list: Okawaru
     0 | D:1      | 0 ||| qw: Allow faded altars: false
     0 | D:1      | 0 ||| qw: Do Orc after D:15 true
     0 | D:1      | 0 ||| qw: Do second Lair branch before Depths: true
     0 | D:1      | 0 ||| qw: Lair rune preference: random
     0 | D:1      | 0 ||| qw: Plans: Normal
     0 | D:1      | 0 ||| PLANNING D:1-11
    23 | D:1      | 23 ||| Stepping ~*~*~tactically~*~*~ (hiding).
   203 | D:1      | Reached skill level 1 in Axes
   321 | D:1      | Found Agece's Weapon Emporium.
   327 | D:1      | 327 ||| SWAPPING to +0 hand axe.
   328 | D:1      | 328 ||| DROPPING +1 dagger.
   331 | D:1      | 331 ||| BUYING +0 club (10 gold).
   331 | D:1      | Bought a +0 club for 10 gold pieces
   407 | D:1      | Reached XP level 2. HP: 22/22 MP: 3/3
   437 | D:1      | Found Dafaf's Assorted Antiques.
   444 | D:1      | 444 ||| BUYING fuming cyan potion (16 gold).
   444 | D:1      | Bought a fuming cyan potion for 16 gold pieces
   444 | D:1      | 444 ||| BUYING gluggy clear potion (16 gold).
   444 | D:1      | Bought a gluggy clear potion for 16 gold pieces
   444 | D:1      | 444 ||| SHOPLISTING pink potion (16 gold, have 11).
   444 | D:1      | 444 ||| SHOPLISTING scale mail (72 gold, have 11).
   444 | D:1      | 444 ||| SHOPLISTING scroll labelled BIUDAB VOADWUA (18
                  | gold, have 11).
   444 | D:1      | 444 ||| SHOPLISTING scroll labelled RUECHAS RADAEV (18
                  | gold, have 11).
   444 | D:1      | 444 ||| SHOPLISTING scroll labelled WEMOPL HENENN (18 gold,
                  | have 11).
   444 | D:1      | 444 ||| SHOPLISTING war axe (63 gold, have 11).
   519 | D:1      | Reached skill level 1 in Fighting
  1183 | D:1      | 1183 ||| UPGRADING to +0 ring mail.
  1193 | D:1      | 1193 ||| DROPPING +0 robe.
  1194 | D:1      | 1194 ||| UPGRADING to +0 pair of gloves.
  1199 | D:1      | 1199 ||| READING 2 scrolls labelled GAFOFIXZ PESSA.
  1204 | D:1      | 1204 ||| READING 4 scrolls labelled WEMOPL HENENN.
  1205 | D:1      | 1205 ||| READING scroll labelled YNUAG TAIPEZXO.
  1206 | D:1      | 1206 ||| READING scroll labelled XELAGH TEETAAJONO.
  1207 | D:1      | 1207 ||| READING scroll labelled TYORHY KIYPURO.
  1208 | D:1      | 1208 ||| DRINKING 2 gluggy clear potions.
  1209 | D:1      | 1209 ||| DRINKING 2 silvery potions.
  1210 | D:1      | 1210 ||| READING 3 scrolls of identify.
  1210 | D:1      | 1210 ||| IDENTIFYING fuming cyan potion
  1211 | D:1      | 1211 ||| DROPPING 2 potions of invisibility.
  1212 | D:1      | 1212 ||| DROPPING potion of flight.
  1213 | D:1      | 1213 ||| DROPPING potion of lignification.
  1252 | D:2      | 1252 ||| Stepping ~*~*~tactically~*~*~ (stealth).
  1346 | D:2      | Reached XP level 3. HP: 28/28 MP: 4/4
  1381 | D:2      | Identified the +2 sling "Istam" {flame, *Corrode +Blink
                  | rElec Str+3}
  1572 | D:2      | Noticed Jessica
  1578 | D:2      | Killed Jessica
  1579 | D:2      | Reached XP level 4. HP: 35/37 MP: 5/5
  1591 | D:2      | 1591 ||| DROPPING +0 club.
  1786 | D:2      | Found a faded altar of an unknown god.
  2560 | D:2      | Noticed Robin
  2572 | D:2      | Killed Robin
  2573 | D:2      | Reached skill level 3 in Axes
  2579 | D:2      | 2579 ||| FLEEEEING.
  2769 | D:2      | 2769 ||| UPGRADING to +1 helmet.
  2774 | D:2      | 2774 ||| DROPPING ring of wizardry.
  2775 | D:2      | 2775 ||| READING scroll labelled JAQECE YPAPLO.
  2776 | D:2      | 2776 ||| READING 2 scrolls of identify.
  2776 | D:2      | 2776 ||| IDENTIFYING coppery potion
  2777 | D:2      | 2777 ||| DROPPING potion of berserk rage.
  2903 | D:3      | Found a burning altar of Makhleb.
  2917 | D:3      | Reached XP level 5. HP: 44/44 MP: 6/6
  3177 | D:3      | Noticed Pargi
  3198 | D:3      | HP: 10/44 [Pargi (3)]
  3199 | D:3      | 3199 ||| READING scroll of teleportation.
  3507 | D:3      | Found an iron altar of Okawaru.
  3515 | D:3      | Became a worshipper of Warmaster Okawaru
  3636 | D:3      | 3636 ||| Stepping ~*~*~tactically~*~*~ (stealth).
  3662 | D:3      | HP: 11/44 [Pargi (3)]
  3667 | D:3      | HP: 7/44 [Pargi (1)]
  3670 | D:3      | HP: 3/44 [Pargi (3)]
  3677 | D:3      | Slain by Pargi

Levels and vault maps discovered:
D:1:      denvon_arrival_planthouse, layout_loops_ring, serial_shops,
          nicolae_shop_bloodbath_and_beyond, nicolae_shop_crystal
D:2:      layout_basic, nicolae_ecumenical_snake_handling, uniq_jessica,
          uniq_robin
D:3:      layout_basic, mainiacjoe_overflow_cross_hatched,
          mainiacjoe_overflow_chevrons, nicolae_wormholes, uniq_pargi

Skill      XL: |  1  2  3  4 |
---------------+-------------+-----
Axes           | 1 2 3 |  3.3
Fighting       | 1 2 |  2.8
Short Blades   | |  0.8
Dodging        | |  1.7
Stealth        | |  3.2
Spellcasting   | |  1.7
Hexes          | |  2.4

Action                   |  1- 3 |  4- 6 || total
-------------------------+-------+-------++-------
Melee: Dagger            |    22 |       ||    22
       Hand axe          |    77 |   277 ||   354
       Punch             |     1 |     3 ||     4
  Use: Scroll            |     6 |     3 ||     9
       Potion            |     2 |       ||     2
 Stab: Sleeping          |     1 |       ||     1
Armor: Robe              |    10 |       ||    10
       Ring mail         |    25 |   197 ||   222
Dodge: Dodged            |    60 |   190 ||   250

Table legend:
 A = Non-vault XP
 B = Vault XP
 C = Vault XP percentage of total XP
 D = Non-vault monster count
 E = Vault monster count
 F = Vault count percentage of total count
                 A         B        C        D         E       F
            +---------+---------+-------+---------+---------+-------
      Total |      90 |     103 |  53.4 |      36 |      17 |  32.1
            +---------+---------+-------+---------+---------+-------
        D:1 |      24 |       0 |   0.0 |      12 |       0 |   0.0
        D:2 |      55 |      83 |  60.1 |      17 |      13 |  43.3
        D:3 |      11 |      20 |  64.5 |       7 |       4 |  36.4
            +---------+---------+-------+---------+---------+-------
